 Dungeon Crawl Stone Soup version 0.17-a0-1910-g4c791fa (webtiles) character file.

117028 kae the Crack Shot (level 16, -2/124 HPs)
             Began as a High Elf Hunter on Sept 25, 2015.
             Was a High Priest of Okawaru.
             Engulfed by a salamander stormcaller's flame (12 damage)
             ... on level 15 of the Dungeon.
             The game lasted 01:22:40 (39874 turns).

kae the Crack Shot (High Elf Hunter)               Turns: 39874, Time: 01:22:40

Health: -2/124     AC: 22    Str: 11    XL:     16   Next: 22%
Magic:  0/30       EV: 15    Int: 18    God:    Okawaru [*****.]
Gold:   2951       SH:  0    Dex: 25    Spells: 0 memorised, 15 levels left

rFire  . . .     SeeInvis .     a - +1 shortbow (velocity)
rCold  + . .     Clarity  .     x - +5 chain mail {rPois}
rNeg   . . .     SustAt   .     (no shield)
rPois  +         Gourm    .     r - +2 hat {MR+}
rElec  .         Spirit   +     I - +0 cloak
rCorr  .         Warding  .     Q - +2 pair of gloves "Nynwiweo" {MR+ Regen+ MP+9}
rMut   .         Stasis   .     C - +0 pair of boots
MR     +++..                    A - amulet "Kibilip" {Spirit rC+}
Stlth  +.........               (no ring)
                                W - +4 ring of dexterity

@: heroism, extremely resistant to hostile enchantments, very unstealthy
A: mutation resistance 1
a: Heroism, Finesse, Renounce Religion


You were on level 15 of the Dungeon.
You worshipped Okawaru.
Okawaru was extremely pleased with you.
You were hungry.

You visited 4 branches of the dungeon, and saw 28 of its levels.

You collected 3122 gold pieces.
You spent 171 gold pieces at shops.

Inventory:

Hand weapons
 a - a +1 shortbow of velocity (weapon)
 b - the +9 trident of Ascent {drain, rPois rF+ MR-}
   (You found it on level 4 of the Lair of Beasts)

   A truly terrible weapon, it drains the life of those it strikes.
   It protects you from fire.
   It protects you from poison.
   It affects your resistance to hostile enchantments.
 j - a +2 longbow of evasion
Missiles
 g - 5 poisoned arrows (quivered)
 P - 2 arrows of flame
Armour
 d - a +0 plate armour of magic resistance
 r - a +2 hat of magic resistance (worn)
 u - a +3 chain mail of fire resistance
 x - a +5 chain mail of poison resistance (worn)
 C - a +0 pair of boots (worn)
 I - a +0 cloak (worn)
 Q - the +2 pair of gloves "Nynwiweo" (worn) {MR+ Regen+ MP+9}
   (You bought it in a shop on level 4 of the Orcish Mines)

   It affects your resistance to hostile enchantments.
   It affects your magic capacity (+9).
   It increases your rate of regeneration.
Jewellery
 m - an uncursed amulet of resist mutation
 p - an uncursed ring of protection from magic
 v - an uncursed ring of sustain attributes
 y - the cursed ring "Uveudd" {EV-2 Str+3 Dex+2}
   (You found it on level 8 of the Lair of Beasts)

   [ring of evasion]

   It affects your evasion (-2).
   It affects your strength (+3).
   It affects your dexterity (+2).
   It has a curse placed upon it.
 A - the amulet "Kibilip" (around neck) {Spirit rC+}
   (You took it off Duvessa on level 6 of the Dungeon)

   [amulet of guardian spirit]

   It causes incoming damage to be split between your health and magic.
   It protects you from cold.
 D - a +3 ring of protection
 H - an uncursed ring of protection from cold
 J - an uncursed ring of protection from magic
 K - an uncursed amulet of the gourmand
 W - a +4 ring of dexterity (left hand)
Magical devices
 e - a wand of disintegration (5)
 i - a wand of confusion (22)
 s - a wand of teleportation (9)
 F - a wand of teleportation (9)
 Y - a wand of teleportation (9)
 Z - a wand of polymorph (13)
Scrolls
 f - a scroll of magic mapping
 l - 13 scrolls of remove curse
 n - 2 scrolls of blinking
 w - 5 scrolls of teleportation
 N - 3 scrolls of identify
 O - a scroll of amnesia
Potions
 c - 2 potions of invisibility
 k - 3 potions of flight
 q - 2 potions of might
 t - a potion of berserk rage
 z - 3 potions of cancellation
 B - 2 potions of agility
 E - 3 potions of ambrosia
 M - a potion of haste
 U - 8 potions of curing
Books
 o - a book of Dreams

   Spells                             Type                      Level
   a - Ensorcelled Hibernation        Hexes/Ice                    2
   b - Phase Shift                    Translocation                5
   c - Shadow Creatures               Summoning                    5
   d - Silence                        Hexes/Air                    5
   e - Darkness                       Hexes                        6
   f - Mass Confusion                 Hexes                        6
 L - the Disquisition on Torrid Damage Dealing
   (You found it on level 5 of the Lair of Beasts)

   Spells                             Type                      Level
   a - Flame Tongue                   Conjuration/Fire             1
   b - Shock                          Conjuration/Air              1
   c - Throw Flame                    Conjuration/Fire             2
   d - Fireball                       Conjuration/Fire             5
   e - Bolt of Draining               Conjuration/Necromancy       5
   f - Bolt of Fire                   Conjuration/Fire             6
 T - a book of the Warp

   Spells                             Type                      Level
   a - Recall                         Summoning/Translocation      3
   b - Gell's Gravitas                Hexes/Translocation          3
   c - Force Lance                    Conjuration/Translocation    4
   d - Phase Shift                    Translocation                5
   e - Warp Weapon                    Charms/Translocation         5
   f - Summon Forest                  Summoning/Translocation      5
Comestibles
 R - a slice of pizza
 S - 3 bread rations
 V - 14 fruits
 X - 5 royal jellies


   Skills:
 + Level 16.0(21.0) Fighting
 - Level 2.0(7.0) Polearms
 - Level 24.0(27) Bows
 - Level 13.2(18.2) Dodging
 - Level 1.1(6.1) Stealth
 - Level 6.0 Invocations


You had 15 spell levels left.
You didn't know any spells.

Dungeon Overview and Level Annotations

Branches:
Dungeon (15/15)            Temple (1/1) D:6            Lair (8/8) D:9
  Swamp (0/4) Lair:5        Snake (0/4) Lair:3        Slime (0/6) Lair:6
    Orc (4/4) D:12            Elf (0/3) Orc:4        Vaults (0/5) D:14
 Depths: D:15

Altars:
Ashenzari
Cheibriados
Dithmenos
Elyvilon
Fedhas
Gozag
Kikubaaqudgha
Makhleb
Nemelex Xobeh
Okawaru
Qazlal
Ru
Sif Muna
Trog
Vehumet
Xom
Yredelemnul
Zin
The Shining One
Jiyva
Lugonu

Shops:
D:7 :   D:9 ?   D:10 [   Orc:2 ?   Orc:3 ?   Orc:4 **[:

Annotations:
D:6 Sigmund
Lair:8 1 exclusion


Innate Abilities, Weirdness & Mutations

You are somewhat resistant to further mutation.


Message History

The skeletal warrior hits you but does no damage.
The ice beast misses you. The ice beast closely misses you.
There is an open door here.
The hill giant misses you.
The salamander stormcaller hits you from afar with a spear.
You are engulfed in flames!!
The hill giant closely misses you.
The salamander stormcaller begins to chant a fire storm spell!
The skeletal warrior hits you but does no damage.
The salamander stormcaller gestures at you while chanting.
A raging storm of fire appears!
The great blast of fire engulfs you!
* * * LOW HITPOINT WARNING * * *
The great blast of fire engulfs the hill giant.
The hill giant is engulfed in roaring flames.
You are engulfed in roaring flames.
* * * LOW HITPOINT WARNING * * *
The hill giant is engulfed in roaring flames.
The hill giant dies!
You are engulfed in roaring flames.
You die...

#####
#...################
#...'..))..........#
#...#'###'#######'##
#.....(...=........#
####N.z............'.?+
#.§§............#N##
#Yvz##+##+##'##.....
#.§§.§@....+z.+......
#.§§§§§#..###'#........
#############.######...
#.......+ ...
###+##'######.
#.............
+....<........
#.............
##+###+##+###.


You could see a skeletal warrior and an ice beast.

Vanquished Creatures
  Rupert (Orc:3)
  A sphinx (D:14)
  Gastronok (Lair:2)
  Frances (D:14)
  A salamander stormcaller (D:14)
  Snorg (Orc:4)
  Josephine (D:14)
  The ghost of ololoev the Cleaver, a powerful HOFi of Makhleb (Orc:4)
  A vault guard (D:14)
  Fannar (D:12)
  16 hydras
  3 catoblepae (Lair:8)
  2 ogre magi (Orc:4)
  An anaconda (Lair:6)
  A centaur warrior (D:12)
  17 death yaks
  A queen ant (Lair:1)
  A fire crab (Lair:8)
  2 unseen horrors
  2 deep trolls (Orc:4)
  An ice statue (D:13)
  7 hill giants
  6 cyclopes
  An orb spider (shapeshifter) (D:12)
  9 ugly things
  3 griffons
  8 elephants
  An orc sorcerer (Orc:4)
  2 manticores
  2 centaur zombies (D:13)
  10 black mambas
  2 torpor snails
  3 gargoyles (D:12)
  A yaktaur (shapeshifter) (D:14)
  7 komodo dragons
  14 spiny frogs
  A queen bee (D:9)
  5 fire drakes
  14 trolls
  8 blink frogs
  A polar bear (Lair:8)
  7 two-headed ogres (Orc:4)
  A boulder beetle (D:14)
  A blink frog (shapeshifter) (D:14)
  A shadow (D:11)
  8 wyverns
  5 deep elf magi
  5 wraiths
  90 yaks
  2 basilisks (shapeshifter)
  A steam dragon (Lair:5)
  Eustachio (D:6)
  11 basilisks
  2 deep elf fighters (D:7)
  6 hungry ghosts
  5 vampire mosquitoes (Lair:5)
  A naga (Lair:3)
  9 hippogriffs
  3 wolves (Lair:3)
  2 wargs
  Edmund (D:6)
  10 soldier ants
  29 water moccasins
  3 mottled dragons
  9 porcupines
  3 sky beasts
  Duvessa (D:6)
  3 ice beasts
  9 orc warriors
  28 ogres
  A black bear (D:8)
  3 phantoms
  A necrophage (D:10)
  3 eyes of draining (D:13)
  6 centaurs
  13 crocodiles
  A boggart (D:14)
  4 big kobolds
  21 giant frogs
  A brain worm (Lair:7)
  A gnoll sergeant (D:7)
  Dowan (D:6)
  2 scorpions
  The ghost of ololoev the Skirmisher, a weakling HOFi (D:4)
  40 killer bees
  5 wights
  A quasit (D:10)
  2 vampire bats (D:2)
  3 crimson imps
  6 jellies
  3 electric eels (D:11)
  A giant frog zombie (D:5)
  A wasp zombie (D:6)
  4 hounds
  4 giant frog skeletons
  17 orc priests
  4 centaur skeletons
  11 iguanas
  23 orc wizards
  32 worker ants
  A killer bee zombie (D:8)
  43 sheep
  3 hound skeletons
  A worker ant zombie (D:3)
  14 gnolls
  123 river rats
  10 adders
  4 shadow imps
  3 oozes (D:5)
  An adder zombie (D:7)
  An adder skeleton (D:7)
  7 worms
  156 orcs
  2 ball pythons (D:3)
  6 bats (D:2)
  3 bat skeletons (D:2)
  3 bat zombies (D:2)
  12 giant cockroaches
  13 hobgoblins
  4 jackals (D:6)
  6 quokkas
  5 giant geckos
  A giant gecko skeleton (D:3)
  10 giant newts
  11 goblins
  A jackal skeleton (D:3)
  28 kobolds
  2 quokka zombies (D:5)
  8 rats
  2 fungi
  7 plants
1126 creatures vanquished.

Vanquished Creatures (others)
  2 skeletal warriors (D:15)
  A hill giant (D:15)
  A yak (D:12)
  5 killer bees (D:8)
  A scorpion (D:8)
  An orc wizard (D:8)
  An orc (D:8)
  23 fungi
  51 plants
86 creatures vanquished.

Grand Total: 1212 creatures vanquished

Notes
Turn   | Place    | Note
--------------------------------------------------------------
     0 | D:1      | kae the High Elf Hunter began the quest for the Orb.
     0 | D:1      | Reached XP level 1. HP: 14/14 MP: 2/2
   173 | D:1      | Reached XP level 2. HP: 4/19 MP: 3/3
   179 | D:1      | Reached skill level 6 in Bows
   596 | D:1      | You fall through a shaft!
   775 | D:2      | Found a shattered altar of Ashenzari.
  1058 | D:2      | Reached XP level 3. HP: 21/24 MP: 4/4
  1149 | D:2      | Found an ancient bone altar of Kikubaaqudgha.
  1151 | D:2      | Noticed a vampire bat
  1151 | D:2      | Noticed a vampire bat
  1163 | D:2      | Killed a vampire bat
  1163 | D:2      | Reached skill level 7 in Bows
  1163 | D:2      | Reached XP level 4. HP: 21/29 MP: 5/5
  1173 | D:2      | Killed a vampire bat
  1173 | D:2      | Reached skill level 8 in Bows
  1787 | D:2      | Reached XP level 5. HP: 24/34 MP: 6/6
  2083 | D:3      | HP: 1/34 [poisoned by an adder]
  2318 | D:3      | Found a shimmering altar of Xom.
  2622 | D:3      | Reached skill level 9 in Bows
  3092 | D:3      | Found a shadowy altar of Dithmenos.
  3176 | D:3      | HP: 1/34 [poisoned by an adder]
  3715 | D:3      | Reached XP level 6. HP: 16/39 MP: 7/7
  4285 | D:4      | Reached skill level 10 in Bows
  4693 | D:4      | Noticed ololoev's ghost (weakling HOFi)
  4708 | D:4      | Killed ololoev's ghost
  4952 | D:4      | Reached skill level 11 in Bows
  4952 | D:4      | Reached XP level 7. HP: 25/45 MP: 8/8
  5055 | D:4      | Found a glowing golden altar of the Shining One.
  5457 | D:4      | Got an encrusted dagger
  5699 | D:4      | Reached skill level 12 in Bows
  5730 | D:4      | Found a deep blue altar of Sif Muna.
  5741 | D:4      | Found a radiant altar of Vehumet.
  5741 | D:4      | Found a blossoming altar of Fedhas.
  5884 | D:5      | Entered Level 5 of the Dungeon
  5939 | D:4      | Identified the +4 dagger of Ragnarok {venom, Dex+3 Stlth+} (You found it on level 4 of the Dungeon)
  6101 | D:5      | Reached XP level 8. HP: 16/50 MP: 9/9
  6330 | D:5      | Found a sacrificial altar of Ru.
  6575 | D:5      | Reached skill level 13 in Bows
  6599 | D:5      | Found a glowing drain.
  7210 | D:6      | Noticed Duvessa
  7210 | D:6      | Noticed Dowan
  7517 | D:6      | Found a staircase to the Ecumenical Temple.
  7552 | D:6      | Reached skill level 14 in Bows
  7600 | Temple   | Entered the Ecumenical Temple
  7614 | Temple   | Became a worshipper of Warmaster Okawaru
  7666 | D:6      | Noticed Edmund
  7708 | D:6      | Killed Edmund
  7966 | D:6      | Noticed Sigmund
  8546 | D:6      | Killed Duvessa
  8546 | D:6      | Reached skill level 15 in Bows
  8616 | D:6      | Got a glittering lead amulet
  8661 | D:7      | Acquired Okawaru's first power
  8661 | D:7      | Reached XP level 9. HP: 21/54 MP: 10/10
  8882 | D:7      | Identified the amulet "Kibilip" {Spirit rC+} (You took it off Duvessa on level 6 of the Dungeon)
  9268 | D:7      | Noticed Eustachio
  9303 | D:6      | Killed Eustachio
  9540 | D:7      | Reached skill level 16 in Bows
 10326 | D:7      | Found Tieraimo's Book Emporium.
 10346 | D:7      | Reached skill level 5 in Fighting
 10817 | D:6      | Killed Dowan
 11411 | D:7      | Reached XP level 10. HP: 71/71 MP: 11/11
 12715 | D:8      | Found a sparkling altar of Nemelex Xobeh.
 13311 | D:9      | Found a staircase to the Lair.
 13483 | D:9      | Found Lowula's Magic Scroll Shop.
 13518 | D:9      | HP: 2/75 [poisoned by a killer bee]
 13703 | D:9      | Received a gift from Okawaru
 13703 | D:9      | Reached skill level 10 in Fighting
 14631 | D:9      | Found a stormy altar of Qazlal.
 14769 | D:9      | Found a burning altar of Makhleb.
 14799 | D:10     | Entered Level 10 of the Dungeon
 14799 | D:10     | Noticed a hill giant
 14814 | D:9      | Killed a hill giant
 14814 | D:9      | Reached XP level 11. HP: 7/83 MP: 1/12
 15153 | D:10     | Received a gift from Okawaru
 15185 | D:10     | Killed an unseen horror
 15659 | D:10     | Found Xix Gagh's Antique Armour Boutique.
 15977 | D:10     | Identified a scroll of acquirement
 16203 | Lair:1   | Entered Level 1 of the Lair of Beasts
 16788 | Lair:1   | Noticed a queen ant
 16847 | Lair:1   | Killed a queen ant
 16847 | Lair:1   | Received a gift from Okawaru
 16847 | Lair:1   | Reached skill level 5 in Dodging
 16849 | Lair:1   | Acquired Okawaru's second power
 17033 | Lair:1   | Received a gift from Okawaru
 17685 | Lair:1   | Received a gift from Okawaru
 18278 | Lair:1   | Gained mutation: You are somewhat resistant to further mutation. [potion of beneficial mutation]
 18771 | Lair:2   | Noticed Gastronok
 18790 | Lair:2   | Killed Gastronok
 18790 | Lair:2   | Reached skill level 10 in Dodging
 18790 | Lair:2   | Reached XP level 12. HP: 81/91 MP: 11/13
 18866 | Lair:2   | Received a gift from Okawaru
 20296 | Lair:3   | Found a staircase to the Snake Pit.
 21750 | Lair:4   | Received a gift from Okawaru
 21966 | Lair:4   | Got a shimmering trident
 21985 | Lair:4   | Identified the +9 trident of Ascent {drain, rPois rF+ MR-} (You found it on level 4 of the Lair of Beasts)
 22055 | Lair:4   | Reached skill level 17 in Bows
 22821 | Lair:5   | Noticed a five-headed hydra
 22832 | Lair:5   | Killed a five-headed hydra
 22920 | Lair:5   | Reached XP level 13. HP: 31/97 MP: 7/14
 23093 | Lair:5   | Received a gift from Okawaru
 23206 | Lair:5   | Identified the Disquisition on Torrid Damage Dealing
 23302 | Lair:5   | Reached skill level 18 in Bows
 23802 | Lair:5   | Found a staircase to the Swamp.
 23819 | Lair:5   | Noticed a six-headed hydra
 23829 | Lair:5   | Killed a six-headed hydra
 24398 | Lair:6   | Reached skill level 19 in Bows
 24458 | Lair:6   | Found a viscous altar of Jiyva.
 24512 | Lair:6   | Found a labyrinth entrance.
 24648 | Lair:6   | Found a staircase to the Slime Pits.
 24676 | Lair:6   | Received a gift from Okawaru
 24837 | Lair:6   | Received a gift from Okawaru
 25322 | Lair:6   | Reached skill level 20 in Bows
 26279 | Lair:7   | Received a gift from Okawaru
 26547 | Lair:7   | Reached skill level 21 in Bows
 26576 | Lair:7   | Received a gift from Okawaru
 27252 | Lair:7   | Reached XP level 14. HP: 94/103 MP: 13/15
 27289 | Lair:8   | Entered Level 8 of the Lair of Beasts
 28033 | Lair:8   | Received a gift from Okawaru
 28099 | Lair:8   | Got a coiled lapis lazuli ring
 28250 | Lair:8   | Reached skill level 22 in Bows
 29588 | Lair:8   | Reached skill level 23 in Bows
 29930 | Lair:8   | Received a gift from Okawaru
 30074 | Lair:8   | Received a gift from Okawaru
 31122 | D:11     | Reached skill level 24 in Bows
 31378 | D:11     | Reached skill level 1 in Invocations
 31861 | D:11     | Reached XP level 15. HP: 102/108 MP: 17/17
 32036 | D:12     | Identified the cursed ring "Uveudd" {EV-2 Str+3 Dex+2} (You found it on level 8 of the Lair of Beasts)
 32211 | D:12     | Noticed Fannar
 32239 | D:12     | Killed Fannar
 32264 | D:12     | Found a staircase to the Orcish Mines.
 32761 | D:12     | Reached skill level 5 in Invocations
 33217 | Orc:1    | Entered Level 1 of the Orcish Mines
 33548 | Orc:2    | Found Geesaup's Magic Scroll Emporium.
 33912 | Orc:2    | Reached skill level 1 in Polearms
 34432 | Orc:4    | Entered Level 4 of the Orcish Mines
 34458 | Orc:4    | Noticed Snorg
 34476 | Orc:4    | Killed Snorg
 34749 | Orc:4    | Noticed ololoev's ghost (powerful HOFi)
 34771 | Orc:4    | Killed ololoev's ghost
 35019 | Orc:4    | Found a staircase to the Elven Halls.
 35427 | Orc:4    | Found Kigh's Antique Armour Emporium.
 35469 | Orc:4    | Found Sitruezi's General Store.
 35494 | Orc:4    | Found Rehe Xitzoty's Book Shoppe.
 35527 | Orc:4    | Bought a pair of transparent gloves for 171 gold pieces
 35539 | Orc:4    | Identified the +2 pair of gloves "Nynwiweo" {MR+ Regen+ MP+9} (You bought it in a shop on level 4 of the Orcish Mines)
 35575 | Orc:4    | Found Borios's Assorted Antiques.
 36153 | Orc:3    | Received a gift from Okawaru
 36176 | Orc:3    | Noticed Rupert
 36195 | Orc:3    | Killed Rupert
 36422 | Orc:3    | Found Basit's Magic Scroll Boutique.
 37914 | D:14     | Received a gift from Okawaru
 38203 | D:14     | Noticed Josephine
 38221 | D:14     | Killed Josephine
 38444 | D:14     | Noticed a sphinx
 38452 | D:14     | Killed a sphinx
 38452 | D:14     | Received a gift from Okawaru
 38452 | D:14     | Reached skill level 15 in Fighting
 38541 | D:14     | Reached XP level 16. HP: 122/122 MP: 21/21
 38634 | D:14     | Found a gate to the Vaults.
 39055 | D:14     | Noticed Frances
 39587 | D:14     | Killed Frances
 39777 | D:15     | Entered Level 15 of the Dungeon
 39874 | D:15     | Engulfed by a salamander stormcaller's flame

Vault maps used:
D:1:      onia_arrival_larder
D:2:      kennysheep_vampire_church, overflow_temple_1_default
D:3:      nicolae_dithmenos_through_a_glass_darkly, lemuel_doored_altar,
          serial_undead, serial_undead_a, serial_undead_e, serial_undead_a,
          serial_undead_c, first_bread
D:4:      nicolae_overflow_crystal_walls, grunt_temple_overflow_open
D:5:      portal_sewer_entry_e, corexii_corridor_pit, minivault_5,
          nicolae_ru_path_of_blood
D:6:      temple_fountains, uniq_sigmund, uniq_edmund, uniq_duvessa
D:7:      serial_shops, nicolae_shop_waterfront, sword_in_stone
D:8:      nemelex_xobeh_ov_fountains_minmay, lemuel_flame_loot_1
D:9:      lightli_temple_of_fire, kennysheep_mini, lair_0_dummy, serial_shops,
          shop, david_nohive_1
D:10:     serial_shops, shop_statue, minmay_misc_feat_room
D:11:     grunt_ministairs_5, serial_bayou_lake_a
D:12:     hiddenorc2_lemuel, uniq_fannar
D:13:     minivault_16
D:14:     david_vaults_5, special_room, minivault_20, uniq_frances,
          uniq_josephine
D:15:     gammafunk_depths_entry_grave, uniq_louise
Temple:   corrupted_temple
Lair:1:   zaba_antful_of_joy, serial_bayou_shore_b, lemuel_fruit_tree,
          bh_autumn_forest_stairs
Lair:2:   uniq_gastronok
Lair:3:   guppyfry_snake_entry_island, grunt_megastairs_2
Lair:5:   minmay_swamp_entry_swarm, serial_bayou_pond_d, grunt_megastairs_1
Lair:6:   beast_lair_carwin_large_3, slime_altar_1, lab_entry_generic,
          grunt_forest_stairs_basic, minivault_25
Lair:7:   serial_bayou_shore_a, infiniplex_staircase_pool, grunt_megastairs_4
Lair:8:   evilmike_catoblepas_cave, lemuel_fruit_fields
Orc:2:    serial_shops, nicolae_shop_trees
Orc:3:    serial_shops, nicolae_shop_trees, nicolae_orc_pool_cavern, uniq_rupert
Orc:4:    st_orc_open, uniq_snorg

Action                   |  1- 3 |  4- 6 |  7- 9 | 10-12 | 13-15 | 16-18 || total
-------------------------+-------+-------+-------+-------+-------+-------++-------
Melee: Short sword       |    66 |       |       |       |       |       ||    66
       Scimitar          |    37 |   134 |    23 |       |       |       ||   194
       Dagger            |       |       |   209 |   307 |       |       ||   516
       Trident           |       |       |       |    85 |   929 |    96 ||  1110
       Longbow           |       |       |       |       |     6 |       ||     6
 Fire: Shortbow          |     8 |   155 |   280 |  1055 |    25 |   157 ||  1680
       Longbow           |       |       |       |    71 |  1342 |       ||  1413
Throw: Throwing net      |       |       |     6 |     5 |       |       ||    11
Invok: Heroism           |       |       |     2 |    11 |    14 |     4 ||    31
       Finesse           |       |       |       |       |       |     1 ||     1
Evoke: Wand              |       |       |     4 |     2 |       |       ||     6
  Use: Scroll            |       |     9 |    10 |    15 |    16 |     8 ||    58
       Potion            |       |     2 |     4 |     3 |     2 |       ||    11
 Stab: Sleeping          |     4 |     5 |     4 |     3 |       |       ||    16
  Eat: Chunk             |     1 |    11 |    16 |    21 |    38 |       ||    87
       Pizza             |       |       |     3 |     1 |     1 |       ||     5
       Beef jerky        |       |       |     1 |     1 |     2 |       ||     4
       Meat ration       |       |       |     1 |       |     1 |     1 ||     3
       Fruit             |       |       |       |     8 |       |       ||     8
       Royal jelly       |       |       |       |     1 |     1 |       ||     2
       Bread ration      |       |       |       |     1 |       |       ||     1
